| TOP OF THE 1ST |
|
Greensboro Grasshoppers batting - Pitching for Hagerstown Suns : RHP Jimmy Purscell
|
|
Pitching: RHP Jimmy Purscell
|
|
|
Batting: RHB Harrie de Kam
|
0-0: Ball 1-0: Ball 2-0: Ground out U3 (Groundball, 3, EV 89.4 MPH)
|
|
Batting: RHB Rafael Irizarry
|
0-0: Called Strike 0-1: Foul Ball, location: 2F 0-2: Ball 1-2: Foul Ball, location: 2F 1-2: Strikes out looking
|
|
Batting: RHB Nate Crofts
|
0-0: Called Strike 0-1: Ball 1-1: Called Strike 1-2: Foul Ball, location: 2F 1-2: Ball 2-2: Foul Ball, location: 2F 2-2: Strikes out looking
|
| Top of the 1st over - 0 runs, 0 hits, 0 errors, 0 left on base; Greensboro 0 - Hagerstown 0 |
| BOTTOM OF THE 1ST |
|
Hagerstown Suns batting - Pitching for Greensboro Grasshoppers : LHP Hideo Komatsu
|
|
Pitching: LHP Hideo Komatsu
|
|
|
Batting: RHB Bobby Bricker
|
0-0: Called Strike 0-1: Ball 1-1: Ball 2-1: Fly out, F6 (Flyball, 6D, EV 86.2 MPH)
|
|
Batting: RHB Leo Gutierrez
|
0-0: SINGLE (Groundball, 25, EV 66.2 MPH) (infield hit)
|
|
Batting: RHB Tylor Cyr
|
0-0: Ball 1-0: Ball 2-0: Called Strike 2-1: Ball 3-1: Base on Balls Leo Gutierrez to second
|
|
Batting: RHB Justin Davenport
|
0-0: Swinging Strike 0-1: Foul Ball, location: 2F 0-2: Ball 1-2: Ball 2-2: Ball 3-2: Base on Balls Leo Gutierrez to third Tylor Cyr to second
|
|
Batting: RHB Jim Towle
|
0-0: Called Strike 0-1: Foul Ball, location: 2F 0-2: Ball 1-2: Ball 2-2: Foul Ball, location: 2F 2-2: Ball 3-2: Base on Balls Leo Gutierrez scores Tylor Cyr to third Justin Davenport to second
|
|
Batting: RHB John Savard
|
0-0: DOUBLE (Line Drive, 78XD, EV 101.9 MPH) Tylor Cyr scores Justin Davenport scores Jim Towle to third Runner from 3rd tries for Home, SAFE, no throw by CF
|
|
Batting: LHB Chris Williams
|
0-0: Foul Ball, location: 2F 0-1: Called Strike John Savard steals 3rd base 0-2: Ball 1-2: Strikes out swinging
|
|
Batting: LHB Vince McLane
|
0-0: Called Strike 0-1: Ball 1-1: Foul Ball, location: 2F 1-2: Foul Ball, location: 2F 1-2: Ball 2-2: Strikes out swinging
|
| Bottom of the 1st over - 4 runs, 2 hits, 0 errors, 1 left on base; Greensboro 0 - Hagerstown 4 |
| TOP OF THE 2ND |
|
Greensboro Grasshoppers batting - Pitching for Hagerstown Suns : RHP Jimmy Purscell
|
|
Batting: LHB Ryan Thompson
|
0-0: Foul Ball, location: 2F 0-1: Ball 1-1: Swinging Strike 1-2: Strikes out swinging
|
|
Batting: RHB Larry LeFever
|
0-0: Ball 1-0: SINGLE (Groundball, 56D, EV 103.8 MPH)
|
|
Batting: LHB Justin Blakely
|
0-0: Ball Larry LeFever steals 2nd base 1-0: Ground out 5-3 (Groundball, 5, EV 103.1 MPH)
|
|
Batting: RHB J.D. Vander Klok
|
0-0: Called Strike 0-1: Ball 1-1: Ball 2-1: Foul Ball, location: 2F 2-2: Ball 3-2: Strikes out swinging
|
| Top of the 2nd over - 0 runs, 1 hit, 0 errors, 1 left on base; Greensboro 0 - Hagerstown 4 |
| BOTTOM OF THE 2ND |
|
Hagerstown Suns batting - Pitching for Greensboro Grasshoppers : LHP Hideo Komatsu
|
|
Batting: LHB Yasuo Igarashi
|
0-0: Called Strike 0-1: Swinging Strike 0-2: Ball 1-2: Ball 2-2: Foul Ball, location: 2F 2-2: Ball 3-2: Strikes out looking
|
|
Batting: RHB Bobby Bricker
|
0-0: Ball 1-0: Fly out, F4 (Popup, 34, EV 62.5 MPH)
|
|
Batting: RHB Leo Gutierrez
|
0-0: Ground out 4-3 (Groundball, 4, EV 81.9 MPH)
|
| Bottom of the 2nd over - 0 runs, 0 hits, 0 errors, 0 left on base; Greensboro 0 - Hagerstown 4 |
| TOP OF THE 3RD |
|
Greensboro Grasshoppers batting - Pitching for Hagerstown Suns : RHP Jimmy Purscell
|
|
Batting: RHB Chris Alft
|
0-0: Ball 1-0: Ball 2-0: Ball 3-0: Called Strike 3-1: Foul Ball, location: 2F 3-2: Base on Balls
|
|
Batting: LHB Jose Cabello
|
0-0: Ball 1-0: Foul Ball, location: 2F 1-1: Ball 2-1: Swinging Strike 2-2: Fielders Choice at 2nd, 3-6 (Groundball, 3, EV 86.9 MPH)
|
|
Batting: RHB Harrie de Kam
|
0-0: DOUBLE (Flyball, 8RXD, EV 89.4 MPH) Jose Cabello to third
|
|
Batting: RHB Rafael Irizarry
|
0-0: Foul Ball, location: 2F 0-1: Called Strike 0-2: Foul Ball, location: 2F 0-2: Ball 1-2: Ball 2-2: Ball 3-2: Strikes out swinging
|
|
Batting: RHB Nate Crofts
|
0-0: Ball 1-0: Fly out, F8 (Flyball, 8RS, EV 95.0 MPH)
|
| Top of the 3rd over - 0 runs, 1 hit, 0 errors, 2 left on base; Greensboro 0 - Hagerstown 4 |
| BOTTOM OF THE 3RD |
|
Hagerstown Suns batting - Pitching for Greensboro Grasshoppers : LHP Hideo Komatsu
|
|
Batting: RHB Tylor Cyr
|
0-0: Ground out 5-3 (Groundball, 56, EV 90.0 MPH)
|
|
Batting: RHB Justin Davenport
|
0-0: Ground out 4-3 (Groundball, 4M, EV 83.8 MPH)
|
|
Batting: RHB Jim Towle
|
0-0: Foul Ball, location: 2F 0-1: Swinging Strike 0-2: Foul Ball, location: 2F 0-2: Strikes out looking
|
| Bottom of the 3rd over - 0 runs, 0 hits, 0 errors, 0 left on base; Greensboro 0 - Hagerstown 4 |
| TOP OF THE 4TH |
|
Greensboro Grasshoppers batting - Pitching for Hagerstown Suns : RHP Jimmy Purscell
|
|
Batting: LHB Ryan Thompson
|
0-0: Ball 1-0: Called Strike 1-1: Ball 2-1: Ball 3-1: Foul Ball, location: 2F 3-2: Base on Balls
|
|
Batting: RHB Larry LeFever
|
0-0: Ball 1-0: Ball 2-0: Ball 3-0: Base on Balls Ryan Thompson to second
|
|
Batting: LHB Justin Blakely
|
0-0: Swinging Strike 0-1: Foul Ball, location: 2F 0-2: Strikes out swinging
|
|
Batting: RHB J.D. Vander Klok
|
0-0: Foul Ball, location: 2F 0-1: Ball 1-1: Fielders Choice at 2nd, 4-6 (Groundball, 34D, EV 103.8 MPH) Ryan Thompson to third
|
|
Batting: RHB Chris Alft
|
0-0: Ball 1-0: Called Strike 1-1: Swinging Strike 1-2: Fly out, F7 (Flyball, 78S, EV 88.8 MPH)
|
| Top of the 4th over - 0 runs, 0 hits, 0 errors, 2 left on base; Greensboro 0 - Hagerstown 4 |
| BOTTOM OF THE 4TH |
|
Hagerstown Suns batting - Pitching for Greensboro Grasshoppers : LHP Hideo Komatsu
|
|
Batting: RHB John Savard
|
0-0: Ball 1-0: Ball 2-0: Called Strike 2-1: Ground out U3 (Groundball, 13, EV 87.5 MPH)
|
|
Batting: LHB Chris Williams
|
0-0: Foul Ball, location: 2F 0-1: Ball 1-1: Ball 2-1: Fly out, F9 (Flyball, 89S, EV 95.0 MPH)
|
|
Batting: LHB Vince McLane
|
0-0: Called Strike 0-1: Called Strike 0-2: Strikes out swinging
|
| Bottom of the 4th over - 0 runs, 0 hits, 0 errors, 0 left on base; Greensboro 0 - Hagerstown 4 |
| TOP OF THE 5TH |
|
Greensboro Grasshoppers batting - Pitching for Hagerstown Suns : RHP Jimmy Purscell
|
|
Batting: LHB Jose Cabello
|
0-0: Ball 1-0: Ball 2-0: Ground out 3-1 (Groundball, 34, EV 98.8 MPH)
|
|
Batting: RHB Harrie de Kam
|
0-0: Ground out 6-3 (Groundball, 6, EV 105.0 MPH)
|
|
Batting: RHB Rafael Irizarry
|
0-0: Called Strike 0-1: Ball 1-1: Ball 2-1: Foul Ball, location: 2F 2-2: Foul Ball, location: 2F 2-2: SINGLE (Flyball, 89S, EV 85.6 MPH)
|
|
Batting: RHB Nate Crofts
|
0-0: Ball Rafael Irizarry steals 2nd base 1-0: Called Strike 1-1: Swinging Strike 1-2: Strikes out swinging
|
| Top of the 5th over - 0 runs, 1 hit, 0 errors, 1 left on base; Greensboro 0 - Hagerstown 4 |
| BOTTOM OF THE 5TH |
|
Hagerstown Suns batting - Pitching for Greensboro Grasshoppers : LHP Hideo Komatsu
|
|
Batting: LHB Yasuo Igarashi
|
0-0: Called Strike 0-1: Swinging Strike 0-2: Strikes out swinging
|
|
Batting: RHB Bobby Bricker
|
0-0: Ball 1-0: Ground out 5-3 (Groundball, 56, EV 91.9 MPH)
|
|
Batting: RHB Leo Gutierrez
|
0-0: Ball 1-0: Ball 2-0: Called Strike 2-1: Swinging Strike 2-2: Foul Ball, location: 2F 2-2: Strikes out swinging
|
| Bottom of the 5th over - 0 runs, 0 hits, 0 errors, 0 left on base; Greensboro 0 - Hagerstown 4 |
| TOP OF THE 6TH |
|
Greensboro Grasshoppers batting - Pitching for Hagerstown Suns : RHP Jimmy Purscell
|
|
Batting: LHB Ryan Thompson
|
0-0: Called Strike 0-1: Ball 1-1: Foul Ball, location: 2F 1-2: Ball 2-2: Ground out 5-3 (Groundball, 5, EV 84.4 MPH)
|
|
Batting: RHB Larry LeFever
|
0-0: Ball 1-0: Called Strike 1-1: SINGLE (Line Drive, 34D, EV 100.0 MPH)
|
|
Pitching: RHP Tim Schultz
|
|
|
Batting: LHB Justin Blakely
|
0-0: Called Strike 0-1: Hit by Pitch Larry LeFever to second
|
|
Batting: RHB J.D. Vander Klok
|
0-0: Ball 1-0: Swinging Strike 1-1: Ball 2-1: Foul Ball, location: 2F 2-2: Ground out 5-3 (Groundball, 56, EV 96.2 MPH) Larry LeFever to third Justin Blakely to second
|
|
Batting: RHB Chris Alft
|
0-0: Called Strike 0-1: Ball 1-1: Foul Ball, location: 2F 1-2: Ball 2-2: Strikes out swinging
|
| Top of the 6th over - 0 runs, 1 hit, 0 errors, 2 left on base; Greensboro 0 - Hagerstown 4 |
| BOTTOM OF THE 6TH |
|
Hagerstown Suns batting - Pitching for Greensboro Grasshoppers : LHP Hideo Komatsu
|
|
Batting: RHB Tylor Cyr
|
0-0: Ball 1-0: Ball 2-0: Swinging Strike 2-1: Fly out, F9 (Flyball, 9, EV 99.4 MPH)
|
|
Batting: RHB Justin Davenport
|
0-0: Ball 1-0: Ground out 5-3 (Groundball, 56S, EV 80.6 MPH)
|
|
Batting: RHB Jim Towle
|
0-0: Ball 1-0: Ball 2-0: Called Strike 2-1: Foul Ball, location: 2F 2-2: Foul Ball, location: 2F 2-2: Ball 3-2: Strikes out swinging
|
| Bottom of the 6th over - 0 runs, 0 hits, 0 errors, 0 left on base; Greensboro 0 - Hagerstown 4 |
| TOP OF THE 7TH |
|
Greensboro Grasshoppers batting - Pitching for Hagerstown Suns : RHP Tim Schultz
|
|
Batting: LHB Jose Cabello
|
0-0: Called Strike 0-1: Foul Ball, location: 2F 0-2: Ground out 4-3 (Groundball, 4M, EV 101.2 MPH)
|
|
Batting: RHB Harrie de Kam
|
0-0: Ball 1-0: Ground out 4-3 (Groundball, 4, EV 100.0 MPH)
|
|
Batting: RHB Rafael Irizarry
|
0-0: Ball 1-0: Ball 2-0: Called Strike 2-1: Called Strike 2-2: Ball 3-2: Strikes out swinging
|
| Top of the 7th over - 0 runs, 0 hits, 0 errors, 0 left on base; Greensboro 0 - Hagerstown 4 |
| BOTTOM OF THE 7TH |
|
Hagerstown Suns batting - Pitching for Greensboro Grasshoppers : LHP Hideo Komatsu
|
|
Batting: RHB John Savard
|
0-0: Ball 1-0: Fly out, F9 (Line Drive, 89M, EV 106.9 MPH)
|
|
Batting: LHB Chris Williams
|
0-0: Ball 1-0: Ball 2-0: Swinging Strike 2-1: Called Strike 2-2: Foul Ball, location: 2F 2-2: Strikes out swinging
|
|
Batting: LHB Vince McLane
|
0-0: Ground out 3-1 (Groundball, 34, EV 85.6 MPH)
|
| Bottom of the 7th over - 0 runs, 0 hits, 0 errors, 0 left on base; Greensboro 0 - Hagerstown 4 |
| TOP OF THE 8TH |
|
Greensboro Grasshoppers batting - Pitching for Hagerstown Suns : RHP Tim Schultz
|
|
Pitching: RHP Brent Wainwright
|
|
|
Batting: RHB Nate Crofts
|
0-0: Ball 1-0: Ball 2-0: Fly out, F8 (Flyball, 8LD, EV 105.0 MPH)
|
|
Batting: LHB Ryan Thompson
|
0-0: Ball 1-0: Ball 2-0: Ball 3-0: Called Strike 3-1: Swinging Strike 3-2: Fly out, F7 (Flyball, 78S, EV 88.8 MPH)
|
|
Batting: RHB Larry LeFever
|
0-0: Ball 1-0: Ground out 4-3 (Groundball, 34, EV 84.4 MPH)
|
| Top of the 8th over - 0 runs, 0 hits, 0 errors, 0 left on base; Greensboro 0 - Hagerstown 4 |
| BOTTOM OF THE 8TH |
|
Hagerstown Suns batting - Pitching for Greensboro Grasshoppers : LHP Hideo Komatsu
|
|
Batting: LHB Yasuo Igarashi
|
0-0: Ball 1-0: Ball 2-0: SOLO HOME RUN (Flyball, 89XD, EV 104.4 MPH), Distance : 396 ft
|
|
Pitching: RHP Mike Yorke
|
|
|
Batting: RHB Bobby Bricker
|
0-0: Ball 1-0: Ball 2-0: Foul Ball, location: 2F 2-1: SINGLE (Groundball, 6MS, EV 69.4 MPH) (infield hit)
|
|
Batting: RHB Leo Gutierrez
|
0-0: Called Strike 0-1: Reaches on Catchers interference Bobby Bricker to second
|
|
Batting: RHB Tylor Cyr
|
0-0: Called Strike 0-1: Ball 1-1: Fly out, F5 (Popup, 56S, EV 69.4 MPH)
|
|
Batting: RHB Justin Davenport
|
0-0: Grounds into double play, 4-6-3 (Groundball, 4, EV 85.0 MPH)
|
| Bottom of the 8th over - 1 run, 2 hits, 1 error, 1 left on base; Greensboro 0 - Hagerstown 5 |
| TOP OF THE 9TH |
|
Greensboro Grasshoppers batting - Pitching for Hagerstown Suns : RHP Brent Wainwright
|
|
Batting: LHB Justin Blakely
|
0-0: Called Strike 0-1: Ball 1-1: Ball 2-1: Ball 3-1: Foul Ball, location: 2F 3-2: Base on Balls
|
|
Pitching: RHP Gary Simmons
|
|
|
Batting: RHB J.D. Vander Klok
|
0-0: Ball 1-0: Ball 2-0: Hit by Pitch Justin Blakely to second
|
|
Pinch Hitting: LHB Angelo Estrella
|
0-0: Fly out, F8 (Line Drive, 8RM, EV 95.6 MPH)
|
|
Batting: LHB Jose Cabello
|
0-0: Ball 1-0: Swinging Strike 1-1: SINGLE (Groundball, 56S, EV 76.2 MPH) (infield hit) Justin Blakely to third J.D. Vander Klok to second
|
|
Batting: RHB Harrie de Kam
|
0-0: Called Strike 0-1: Fly out, F9 (Flyball, 9LS, EV 88.1 MPH)
|
|
Batting: RHB Rafael Irizarry
|
0-0: Ball 1-0: Called Strike 1-1: Fly out, F8 (Flyball, 8RXD, EV 96.2 MPH)
|
| Top of the 9th over - 0 runs, 1 hit, 0 errors, 3 left on base; Greensboro 0 - Hagerstown 5 |
|